 Dungeon Crawl Stone Soup version 0.28-a0-697-g47f3eba078 (webtiles) character file.

Game seed: 12541964141019856095

7 Gargoyl the Skirmisher (level 2, -1/29 HPs)
             Began as a Gnoll Abyssal Knight on Oct 23, 2021.
             Was a Follower of Lugonu.
             Slain by a jackal (2 damage)
             ... on level 1 of the Dungeon.
             The game lasted 00:00:16 (242 turns).

Gargoyl the Skirmisher (Gnoll Abyssal Knight)        Turns: 242, Time: 00:00:17

Health: -1/29      AC:  3    Str: 12    XL:     2   Next: 0%
Magic:  5/5        EV:  9    Int:  9    God:    Lugonu [*.....]
Gold:   0          SH:  6    Dex: 12    Spells: 1/1 levels left

rFire   . . .      SeeInvis .   a - +1 hand axe
rCold   . . .      Faith    .   c - +0 kite shield
rNeg    . . .      Spirit   .   b - +0 leather armour
rPois   .          Reflect  .   (no helmet)
rElec   .          Harm     .   (no cloak)
rCorr   .          Rampage  .   (no gloves)
Will    .....                   (no boots)
Stlth   +.........              (no amulet)
HPRegen 0.09/turn               (no ring)
MPRegen 0.09/turn               (no ring)

@: no status effects
A: fangs 1, strong nose, distributed training
a: Renounce Religion, Depart the Abyss


You were on level 1 of the Dungeon.
You worshipped Lugonu.
Lugonu was aware of your devotion.
You visited 1 branch of the dungeon, and saw 1 of its levels.
You visited the Abyss 1 time.

Inventory:

Hand Weapons
 a - a +1 hand axe (weapon)
Armour
 b - a +0 leather armour (worn)
 c - a +0 kite shield (worn)


   Skills:
 + Level 6.4 Fighting
 + Level 0.2 Short Blades
 + Level 0.2 Long Blades
 + Level 4.4 Axes
 + Level 0.2 Maces & Flails
 + Level 0.2 Polearms
 + Level 0.2 Staves
 + Level 0.2 Slings
 + Level 0.2 Bows
 + Level 0.2 Crossbows
 + Level 0.2 Throwing
 + Level 4.4 Armour
 + Level 2.4 Dodging
 + Level 0.2 Stealth
 + Level 0.2 Shields
 + Level 0.2 Unarmed Combat
 + Level 0.2 Spellcasting
 + Level 0.1 Conjurations
 + Level 0.1 Hexes
 + Level 0.1 Summonings
 + Level 0.1 Necromancy
 + Level 0.1 Translocations
 + Level 0.1 Transmutations
 + Level 0.1 Fire Magic
 + Level 0.1 Ice Magic
 + Level 0.1 Air Magic
 + Level 0.1 Earth Magic
 + Level 0.1 Poison Magic
 + Level 4.4 Invocations
 + Level 0.2 Evocations


You had one spell level left.
You didn't know any spells.
Your spell library was empty.

Dungeon Overview and Level Annotations

Branches:
Dungeon (1/15)

Altars:


Innate Abilities, Weirdness & Mutations

You have very sharp teeth.
Your uncanny sense of smell can sniff out nearby items.
Your experience applies equally to all skills.


Message History

You block the jackal's attack.
The kobold hits you with a +0 short sword.
You block the jackal's attack.
The kobold hits you with a +0 short sword.
Unknown command.
You hit the jackal.
The jackal is heavily wounded.
You hit the kobold.
You kill the kobold!
Lugonu accepts your kill.
You can now depart the Abyss.
The jackal bites you. x2
* * * LOW HITPOINT WARNING * * *
You slash the jackal!
You kill the jackal!
Lugonu accepts your kill.
The jackal bites you but does no damage.
You have reached level 2!
You barely miss the jackal.
The jackal bites you but does no damage.
The jackal barely misses you. You block the jackal's attack.
Your leather armour prevents you from hitting the jackal.
You hit the jackal. The jackal bites you.
* * * LOW HITPOINT WARNING * * *
You block the jackal's attack.
The jackal bites you but does no damage. x2
Unknown command.
You hit the jackal.
The jackal is moderately wounded.
You hit the jackal but do no damage. The jackal barely misses you.
The jackal bites you.
* * * LOW HITPOINT WARNING * * *
The jackal bites you.
* * * LOW HITPOINT WARNING * * *
The jackal closely misses you.
You hit the jackal.
The jackal is almost dead.
You hit the jackal. You block the jackal's attack. The jackal bites you.
* * * LOW HITPOINT WARNING * * *
The jackal bites you.
You die...

.. .. ########.#
#.##.##
#........#####.....
#..................
#.......... .......
#........#####.##.####
#.....................
#....hh..# #.......#
#>...@...# ####.####
#.....)..#### ###.####
#.....†.....# #...†...
#........##.###..†....
###...................
#.......)...........
#..(.........#......
#.>..........#......
#............#......


You could see 2 jackals.

Vanquished Creatures
  A hobgoblin (D:1)
  2 jackals (D:1)
  A kobold (D:1)
  A ball python (D:1)
  A bat (D:1)
6 creatures vanquished.

Notes
Turn   | Place    | Note
-------+----------+-------------------------------------------
     0 | Abyss:1  | Gargoyl the Gnoll Abyssal Knight began the quest for the
                  | Orb.
     0 | Abyss:1  | Reached XP level 1. HP: 23/23 MP: 3/3
    87 | Abyss:1  | Noticed a large abomination
    95 | Abyss:1  | Noticed a thrashing horror
    96 | D:1      | Escaped the Abyss
   237 | D:1      | Reached * piety under Lugonu
   239 | D:1      | Reached XP level 2. HP: 8/29 MP: 5/5
   242 | D:1      | HP: 1/29 [jackal (2)]
   242 | D:1      | Slain by a jackal

Illustrated notes

Levels and vault maps discovered:
D:1:      heliophobic_arrival_dark_side_of_the_moon, layout_basic,
          minmay_tromino_v4_b

Action                   || total
-------------------------++-------
Melee: Hand axe          ||    14
       Bite              ||     1
Invok: Depart the Abyss  ||     1
Armor: Leather armour    ||     8
Dodge: Dodged            ||    15
Block: Kite shield       ||    10

Table legend: (Time is in decaauts)
 A = Elapsed time spent in this place.
 B = Non-inter-level travel time spent in this place.
 C = Inter-level travel time spent in this place.
 D = Time resting spent in this place.
 E = Time spent auto-exploring this place.
 F = Levels seen in this place.
 G = Mean time per level.
                   A        B        C        D        E       F      G
               +--------+--------+--------+--------+--------+-----+--------+
         Total |    246 |    246 |      0 |      0 |    193 |   2 |  123.0 |
       Dungeon |    150 |    150 |      0 |      0 |    108 |   1 |  150.0 |
         Abyss |     96 |     96 |      0 |      0 |     85 |   1 |   96.0 |
               +--------+--------+--------+--------+--------+-----+--------+

Top non-repeatable levels by time:
     D:1: 150 daAuts
 Abyss:1: 96 daAuts
